 Dungeon Crawl Stone Soup version 0.20.2-3-g29329e0561 (webtiles) character file.

735 Alfie the Shield-Bearer (level 7, 0/61 HPs)
             Began as a Hill Orc Fighter on Sept 18, 2023.
             Slain by an elf zombie (4 damage)
             ... in an ossuary.
             The game lasted 00:07:29 (2622 turns).

Alfie the Shield-Bearer (Hill Orc Fighter)          Turns: 2622, Time: 00:07:35

Health: 0/61       AC: 11    Str: 20 (21) XL:     7   Next: 74%
Magic:  7/7        EV:  8    Int:  8      God:
Gold:   99         SH: 10    Dex: 10      Spells: 6/6 levels left

rFire    . . .     SeeInvis .   a - +0 rapier
rCold    . . .     Gourm    .   c - +0 shield
rNeg     . . .     Faith    .   b - +0 scale mail
rPois    +         Spirit   .   (no helmet)
rElec    .         Reflect  .   u - +2 cloak
rCorr    .         Harm     .   o - +0 pair of gloves
MR       .....                  (no boots)
Stlth    +.........             (no amulet)
Regen    0.2/turn               (no ring)
MPRegen  0.1/turn               (no ring)

@: no status effects
A: camouflage 1, blurry vision 1, poison resistance
a: no special abilities


You were in an ossuary.
You were not hungry.

You visited 1 branch of the dungeon, and saw 4 of its levels.
You also visited: Ossuary.

You collected 99 gold pieces.

Inventory:

Hand Weapons
 a - a +0 rapier (weapon)
Armour
 b - a +0 scale mail (worn)
 c - a +0 shield (worn)
 o - a +0 pair of gloves (worn)
 u - a +2 cloak (worn)
Jewellery
 f - an uncursed ring of wizardry {unknown}
 l - an uncursed amulet of guardian spirit {unknown}
Scrolls
 e - 3 scrolls of magic mapping {unknown}
 g - 2 scrolls of blinking {unknown}
 h - 2 scrolls of remove curse {unknown}
 j - 2 scrolls of fear {unknown}
 k - a scroll of enchant armour {unknown}
 n - 2 scrolls of teleportation {unknown}
 q - 2 scrolls of identify {unknown}
Potions
 s - a potion of flight
 t - a potion of agility
Comestibles
 d - a meat ration
 v - a bread ration


   Skills:
 + Level 5.2 Fighting
 + Level 5.3 Short Blades
 + Level 4.3 Armour
 + Level 1.8 Dodging
 + Level 5.7 Shields


You had 6 spell levels left.
You didn't know any spells.

Dungeon Overview and Level Annotations

Branches:
Dungeon (4/15)
 Temple: D:4-7

Altars:
Ashenzari
Kikubaaqudgha


Innate Abilities, Weirdness & Mutations

Your skin changes colour to match your surroundings (Stealth+).
Scrolls take you a little longer to read.
Your system is resistant to poisons. (rPois)


Message History

You puncture the centaur zombie!
The centaur zombie is heavily damaged.
The centaur zombie hits you but does no damage.
The elf zombie barely misses you.
You block the hobgoblin zombie's attack.
The orc zombie hits you but does no damage.
You hit the centaur zombie.
The centaur zombie is severely damaged.
You block the centaur zombie's attack.
The hobgoblin zombie closely misses you. x2
The elf zombie hits you but does no damage.
You block the centaur zombie's attack.
You puncture the centaur zombie!
The centaur zombie is almost destroyed.
You block the orc zombie's attack. The hobgoblin zombie barely misses you.
The centaur zombie hits you but does no damage.
The hobgoblin zombie hits you.
* * * LOW HITPOINT WARNING * * *
The elf zombie hits you.
You die...

##################
#.................
#.................
#.......Z8Z.8.....
#......ZZ@Z.......
#...######Z.######
#...# #..# #...#
#..# #...# #..#
#...# .... #...#
#.... #...# #....
#...# #.....


You could see 3 hobgoblin zombies, an orc zombie, an elf zombie and a centaur
zombie.

Vanquished Creatures
  The ghost of Alfie the Slasher, a novice MiFi (Ossuary)
  An orc priest (D:3)
  2 orc wizards (D:3)
  A centaur skeleton (D:4)
  2 mummies (Ossuary)
  2 adders (D:2)
  An ooze (D:1)
  An adder zombie (Ossuary)
  A worm (D:2)
  7 dart slugs
  2 leopard geckos (D:3)
  9 orcs
  2 ball pythons
  7 giant cockroaches
  5 goblins
  10 hobgoblins
  6 jackals
  A quokka (D:2)
  9 bats
  5 frilled lizards
  A goblin zombie (Ossuary)
  2 hobgoblin zombies (Ossuary)
  6 kobolds
  7 kobold zombies (Ossuary)
  10 orc zombies (Ossuary)
  6 rats
107 creatures vanquished.

Notes
Turn   | Place    | Note
-------+----------+-------------------------------------------
     0 | D:1      | Alfie the Hill Orc Fighter began the quest for the Orb.
     0 | D:1      | Reached XP level 1. HP: 19/19 MP: 1/1
    39 | D:1      | Reached XP level 2. HP: 26/27 MP: 2/2
   298 | D:1      | Reached XP level 3. HP: 29/33 MP: 3/3
   781 | D:2      | Found a shattered altar of Ashenzari.
   803 | D:2      | Reached XP level 4. HP: 24/40 MP: 4/4
  1336 | D:3      | Reached XP level 5. HP: 39/47 MP: 5/5
  1435 | D:3      | Found an ancient bone altar of Kikubaaqudgha.
  2260 | D:4      | Reached XP level 6. HP: 46/53 MP: 6/6
  2293 | D:4      | Found a sand-covered staircase.
  2298 | Ossuary  | Entered an ossuary
  2356 | Ossuary  | Noticed Alfie's ghost (novice MiFi)
  2389 | Ossuary  | Gained mutation: Scrolls take you a little longer to read. [potion of mutation]
  2389 | Ossuary  | Gained mutation: Your skin changes colour to match your surroundings (Stealth+). [potion of mutation]
  2389 | Ossuary  | Gained mutation: Your system is resistant to poisons. (rPois) [potion of mutation]
  2414 | Ossuary  | HP: 3/79 [Alfie's ghost (9)]
  2415 | Ossuary  | Killed Alfie's ghost
  2415 | Ossuary  | Reached skill level 5 in Fighting
  2415 | Ossuary  | Reached skill level 5 in Short Blades
  2415 | Ossuary  | Reached skill level 1 in Dodging
  2415 | Ossuary  | Reached skill level 5 in Shields
  2415 | Ossuary  | Reached XP level 7. HP: 4/61 MP: 7/7
  2437 | Ossuary  | HP: 3/61 [adder zombie (2)]
  2622 | Ossuary  | Slain by an elf zombie

Skill      XL: |  1  2  3  4  5  6 |
---------------+-------------------+-----
Fighting       | 4 5 |  5.2
Shields        | 4 5 |  5.7
Short Blades   | 3 4 5 |  5.3
Armour         | 4 |  4.3
Dodging        | 1 |  1.8

Action                   |  1- 3 |  4- 6 |  7- 9 || total
-------------------------+-------+-------+-------++-------
Melee: Rapier            |   120 |   265 |    70 ||   455
  Use: Potion            |       |     7 |       ||     7
  Eat: Royal jelly       |       |     1 |       ||     1
       Bread ration      |       |     1 |       ||     1
Armor: Scale mail        |    66 |   112 |    55 ||   233
       Skin              |       |    39 |     3 ||    42
Dodge: Dodged            |    47 |    90 |    35 ||   172
Block: Shield            |    65 |   145 |    65 ||   275
